 Dungeon Crawl Stone Soup version bcrawl-1.28 (webtiles) character file.

Game seed: 7516359048149852540

118706 LostNumber the Sneak (level 2, 0/26 HPs)
             Began as a Naga Archaeologist on Nov 19, 2020.
             Slain by an ooze (2 damage)
             ... on level 1 of the Dungeon.
             The game lasted 00:00:59 (264 turns).

LostNumber the Sneak (Naga Archaeologist)            Turns: 264, Time: 00:01:00

Health: 0/26       AC:  3    Str: 13    XL:     2   Next: 41%
Magic:  2/2        EV: 10    Int: 14    God:
Gold:   25         SH:  0    Dex:  9    Spells: 1/1 levels left

rFire    . . .     SeeInvis +   a - +0 whip
rCold    . . .     Gourm    .   (no shield)
rNeg     . . .     Faith    .   b - +1 robe
rPois    +         Spirit   .   c - +1 hat
rElec    .         Reflect  .   (no cloak)
rCorr    .         Harm     .   (no gloves)
MR       .....                  (no barding)
Stlth    +++.......             (no amulet)
HPRegen  0.08/turn              (no ring)
MPRegen  0.08/turn              (no ring)

@: very slow
A: large, see invisible, deformed body, poison resistance, slowness 2, slow
metabolism 1, spit poison 1, AC +0
a: Spit Poison


You were on level 1 of the Dungeon.
You were not hungry.

You visited 1 branch of the dungeon, and saw 1 of its levels.

You collected 25 gold pieces.

Inventory:

Hand Weapons
 a - a +0 whip (weapon)
Armour
 b - a +1 robe (worn)
 c - a +1 hat (worn)
 d - a +1 robe
Scrolls
 g - a scroll of magic mapping
Potions
 i - a potion of degeneration {unknown}
Miscellaneous
 f - a dusty tome
Comestibles
 e - 3 rations {!d!d}
 h - 5 chunks of flesh


   Skills:
 * Level 2.0 Fighting
 - Level 1.0 Maces & Flails
 - Level 2.4 Dodging
 + Level 5.3 Stealth


You had one spell level left.
You didn't know any spells.
Your spell library was empty.

Dungeon Overview and Level Annotations

Branches:
Dungeon (1/12)

Altars:


Innate Abilities, Weirdness & Mutations

You cannot wear boots.
Your serpentine skin is tough. (AC +0)
You have supernaturally acute eyesight. (SInv)
Armour fits poorly on your strangely shaped body.
Your system is resistant to poisons. (rPois)
You cover ground very slowly.
You have a slow metabolism.
You can spit poison.


Message History

No target in view!
You butcher the frilled lizard corpse.
h - 10 chunks of flesh (gained 1)
You see here a frilled lizard skeleton. x2
i - a red potion
e - 3 rations {!d!d} (gained 1) Some of the chunks of flesh in your inventory have rotted away.
Found a stone staircase leading down.
Found 12 gold pieces.
You now have 25 gold pieces (gained 12).
Found a red potion.
An ooze comes into view.
An ooze is nearby!
An ooze is nearby!
A kobold comes into view. It is wielding a +0 falchion.
Found a stone staircase leading down.
The kobold shouts!
The ooze quivers.
A frilled lizard comes into view.
You hit the kobold but do no damage. The kobold hits you with a +0 falchion.
You closely miss the kobold. The kobold hits you but does no damage.
You hit the kobold. The kobold hits you with a +0 falchion. The ooze hits you.
* * * LOW HITPOINT WARNING * * *
The ooze barely misses you. The kobold hits you with a +0 falchion.
* * * LOW HITPOINT WARNING * * *
The ooze hits you.
* * * LOW HITPOINT WARNING * * *
Aim: an ooze The splash of poison hits the ooze.
The ooze completely resists.
You feel slightly more hungry. The ooze hits you.
* * * LOW HITPOINT WARNING * * *
You hit the ooze but do no damage. The ooze hits you.
* * * LOW HITPOINT WARNING * * *
You hit the ooze. The ooze hits you.
* * * LOW HITPOINT WARNING * * *
You hit the ooze but do no damage. The ooze barely misses you.
You hit the ooze.
You have got your breath back.
The ooze hits you.
* * * LOW HITPOINT WARNING * * *
Aim: an ooze (severely wounded)
The splash of poison hits the ooze.
You feel slightly more hungry. The ooze hits you.
* * * LOW HITPOINT WARNING * * *
The ooze barely misses you.
Some of the chunks of flesh in your inventory have rotted away.
You have got your breath back.
The ooze jiggles.
The ooze hits you.
You die...

#..##.##.##.......รท.#.........
.........###.8.8...##.........
.........# #.......##.........
.........############.........
................####...l.....>
.....>............###.........
.................K..##.....#..
##########......J#............
##.....@#####!...###.
#####..........####..#
...........###.... ....
#####......# ## ...# #......#
##.. #......# ## #......#
########


You could see an ooze and a kobold.

Vanquished Creatures
  A bat (D:1)
  A giant cockroach (D:1)
  A hobgoblin (D:1)
  4 jackals (D:1)
  A kobold (D:1)
  2 ball pythons (D:1)
  2 frilled lizards (D:1)
12 creatures vanquished.

Notes
Turn   | Place    | Note
-------+----------+-------------------------------------------
     0 | D:1      | LostNumber the Naga Archaeologist began the quest for the
                  | Orb.
     0 | D:1      | Reached XP level 1. HP: 18/18 MP: 1/1
     6 | D:1      | Noticed a five-headed hydra
     6 | D:1      | Noticed a polar bear
     6 | D:1      | Noticed a black mamba
     7 | D:1      | Noticed a swamp worm
     7 | D:1      | Noticed a komodo dragon
    33 | D:1      | Reached skill level 5 in Stealth
    76 | D:1      | Reached XP level 2. HP: 17/26 MP: 2/2
   259 | D:1      | HP: 1/26 [ooze (1)]
   264 | D:1      | Slain by an ooze

Skill      XL: |  1  2 |
---------------+-------+-----
Stealth        | 5 |  5.3
Fighting       | 2 |  2.0
Maces & Flails | |  1.0
Dodging        | |  2.4

Action                   || total
-------------------------++-------
Melee: Whip              ||    41
 Abil: Spit Poison       ||     8
Armor: Robe              ||    12
Dodge: Dodged            ||    21
